[Event "ENCI Limburg-open A"]
[Site "Maastricht"]
[Date "2012.05.27"]
[Round "4"]
[White "Ernst, Sipke"]
[Black "Coenen, Michael"]
[Result "1-0"]
[ECO "D34"]
[WhiteElo "2554"]
[BlackElo "2306"]
[PlyCount "125"]
[EventDate "2012.05.25"]
[EventType "swiss"]
[EventRounds "7"]
[EventCountry "NED"]
[Source "P.Boonen"]
[SourceDate "2013.01.01"]
[TimeControl "7200+625"]
[WhiteClock "0:42:49"]
[BlackClock "0:01:27"]

1. d4 e6 2. Nf3 c5 3. c4 cxd4 4. Nxd4 Nf6 5. g3 d5 6. Bg2 Be7 7. cxd5 exd5 8.
Nc3 O-O 9. O-O Nc6 10. Bg5 h6 11. Be3 Re8 12. Qa4 Nxd4 13. Bxd4 Be6 14. Rfd1 a6
15. Qb3 b5 16. Bxf6 Bxf6 17. Nxd5 Ra7 18. Rd3 Bxd5 19. Bxd5 Qc7 20. e4 Rc8 21.
Re1 Qe5 22. Rd2 Bd8 23. Qe3 Qb8 24. Red1 Ba5 25. Re2 Bb6 26. Qf3 Qe5 27. Kg2
Rac7 28. Bb3 Bd4 29. Red2 Rd7 30. Bd5 Bb6 31. Qg4 Rdd8 32. Bb3 Qf6 33. h4 Rxd2
34. Rxd2 Rd8 35. Rxd8+ Qxd8 36. Qg6 Qf6 37. Bxf7+ Qxf7 38. Qxb6 Qxa2 39. Qd8+
Kf7 40. Qd7+ Kf8 41. b4 Qb1 42. Qd4 Qe1 43. Kf3 Kf7 44. Kf4 Qc1+ 45. Kg4 Qc8+
46. Kf3 Qc1 47. Qd5+ Ke7 48. Qe5+ Kd8 49. Qd4+ Ke8 50. Kg4 Qc8+ 51. Kf4 Qc2 52.
Kf5 Qc8+ 53. Kf4 Qc2 54. f3 g5+ 55. hxg5 Qc1+ 56. Kg4 Qxg5+ 57. Kh3 Qc1 58. f4
Qc8+ 59. f5 Qc1 60. Qe5+ Kf7 61. Qd5+ Kf8 62. Qd8+ Kf7 63. Kg4 1-0